 Dungeon Crawl Stone Soup version 0.17-a0-1850-g688e747 (webtiles) character file.

404 kae the Frost Mage (level 6, 0/41 HPs)
             Began as a Merfolk Ice Elementalist on Sept 19, 2015.
             Was an Initiate of Vehumet.
             Killed by nerve-wracking pain
             ... invoked by a shadow imp
              (11 damage)
             ... on level 5 of the Dungeon.
             The game lasted 00:06:30 (4874 turns).

kae the Frost Mage (Merfolk Ice Elementalist)       Turns: 4874, Time: 00:06:30

Health: 0/41       AC:  2    Str:  8    XL:     6   Next: 86%
Magic:  8/9        EV: 13    Int: 16    God:    Vehumet [......]
Gold:   191        SH:  0    Dex: 15    Spells: 3 memorised, 2 levels left

rFire  . . .     SeeInvis .     (no weapon)
rCold  . . .     Clarity  .     a - +0 robe
rNeg   . . .     SustAt   .     (no shield)
rPois  .         Gourm    .     (no helmet)
rElec  .         Spirit   .     (no cloak)
rCorr  +         Warding  .     (no gloves)
rMut   .         Stasis   .     (no boots)
MR     .....                    v - amulet of resist corrosion
Stlth  ++........               t - ring of wizardry
                                d - ring of wizardry

@: not resistant to hostile enchantments, unstealthy
A: change form in water, swift swim
a: Renounce Religion


You were on level 5 of the Dungeon.
You worshipped Vehumet.
Vehumet was noncommittal.
You were hungry.

You visited 2 branches of the dungeon, and saw 6 of its levels.

You collected 191 gold pieces.

Inventory:

Armour
 a - a +0 robe (worn)
Jewellery
 d - a ring of wizardry (left hand)
 g - an uncursed ring of stealth
 r - an uncursed ring of stealth
 t - a ring of wizardry (right hand)
 u - an uncursed ring of teleportation
 v - an amulet of resist corrosion (around neck)
 w - a +3 ring of evasion {unknown}
 x - an uncursed amulet of the gourmand {unknown}
Scrolls
 e - 2 scrolls of random uselessness
 m - 3 scrolls of identify
 p - a scroll of remove curse
 q - a scroll of blinking
 y - a scroll of magic mapping {unknown}
Potions
 i - a potion of lignification
 j - a potion of flight {unknown}
 k - a potion of haste {unknown}
 l - 2 potions of might
 n - 2 potions of resistance
 o - a potion of agility
 s - a potion of degeneration
Books
 b - a book of Frost

   Spells                             Type                      Level
   a - Freeze                         Ice                          1
   b - Throw Frost                    Conjuration/Ice              2
   c - Ozocubu's Armour               Charms/Ice                   3
   d - Throw Icicle                   Conjuration/Ice              4
   e - Summon Ice Beast               Ice/Summoning                4
   f - Condensation Shield            Ice                          4
Comestibles
 c - 3 bread rations
 f - a slice of pizza
 h - 2 meat rations
 z - 4 fruits


   Skills:
 - Level 2.6 Dodging
 - Level 2.1 Stealth
 - Level 2.0 Spellcasting
 - Level 0.7 Conjurations
 + Level 8.2 Ice Magic


You had 2 spell levels left.
You knew the following spells:

 Your Spells              Type           Power        Failure   Level  Hunger
a - Freeze                Ice            ####         1%          1    #......
b - Throw Frost           Conj/Ice       ###...       2%          2    ###....
c - Throw Icicle          Conj/Ice       ###.....     11%         4    #####..


Dungeon Overview and Level Annotations

Branches:
Dungeon (5/15)             Temple (1/1) D:4

Altars:
Ashenzari
Cheibriados
Dithmenos
Elyvilon
Fedhas
Gozag
Kikubaaqudgha
Makhleb
Nemelex Xobeh
Okawaru
Qazlal
Ru
Sif Muna
Trog
Vehumet
Yredelemnul
Zin
The Shining One
Lugonu

Annotations:
D:4 Grinder


Message History

The shadow imp closely misses you.
You hit the shadow imp but do no damage.
The shadow imp is moderately wounded.
The shadow imp barely misses you.
You hit the shadow imp.
The shadow imp is heavily wounded.
The shadow imp misses you.
You closely miss the shadow imp.
The shadow imp is heavily wounded.
The shadow imp hits you but does no damage.
You hit the shadow imp but do no damage.
The shadow imp is heavily wounded.
The shadow imp hits you.
* * * LOW HITPOINT WARNING * * *
You are feeling hungry.
You closely miss the shadow imp.
The shadow imp is heavily wounded.
The shadow imp gestures at you. Pain shoots through your body!
You die...

#### #.. #.#
.##
####.###.....
#....@5.#
#.#####.#
####.# #
#....# #.##.#
# # #.#####.#
#.......#
####.####
#....#


You could see a shadow imp.

Vanquished Creatures
  Sigmund (D:4)
  A scorpion (D:4)
  An iguana (D:4)
  5 adders
  3 gnolls (D:3)
  2 oozes
  4 worms
  2 giant geckos (D:1)
  7 orcs (D:3)
  4 bats
  4 giant cockroaches
  9 goblins
  7 hobgoblins
  5 jackals
  4 kobolds
  4 quokkas
  13 giant newts
  5 rats
81 creatures vanquished.

Notes
Turn   | Place    | Note
--------------------------------------------------------------
     0 | D:1      | kae the Merfolk Ice Elementalist began the quest for the Orb.
     0 | D:1      | Reached XP level 1. HP: 13/13 MP: 3/3
   218 | D:1      | Reached XP level 2. HP: 16/19 MP: 1/5
   342 | D:1      | Reached skill level 4 in Ice Magic
   701 | D:1      | Reached XP level 3. HP: 12/24 MP: 1/6
   705 | D:1      | Learned a level 2 spell: Throw Frost
  1469 | D:2      | Reached skill level 5 in Ice Magic
  1541 | D:2      | Reached XP level 4. HP: 30/30 MP: 5/7
  1738 | D:2      | Found a burning altar of Makhleb.
  1738 | D:2      | Found a glowing silver altar of Zin.
  1739 | D:2      | Noticed an angel
  1739 | D:2      | Noticed a balrug
  3188 | D:3      | Reached skill level 6 in Ice Magic
  3200 | D:3      | Reached XP level 5. HP: 10/35 MP: 0/8
  3850 | D:4      | Found a staircase to the Ecumenical Temple.
  3858 | Temple   | Entered the Ecumenical Temple
  3975 | D:4      | Noticed Sigmund
  3991 | D:4      | Killed Sigmund
  3991 | D:4      | Reached skill level 7 in Ice Magic
  3991 | D:4      | Reached XP level 6. HP: 29/41 MP: 2/9
  4002 | D:4      | Reached skill level 8 in Ice Magic
  4140 | D:4      | Found a blossoming altar of Fedhas.
  4332 | D:4      | Found a radiant altar of Vehumet.
  4333 | D:4      | Found a snail-covered altar of Cheibriados.
  4333 | D:4      | Found a sacrificial altar of Ru.
  4333 | D:4      | Found a basalt altar of Yredelemnul.
  4339 | D:4      | Found an ancient bone altar of Kikubaaqudgha.
  4349 | D:4      | Became a worshipper of Vehumet
  4354 | D:4      | Found a bloodstained altar of Trog.
  4454 | D:4      | Noticed Grinder
  4491 | D:4      | Learned a level 4 spell: Throw Icicle
  4493 | D:4      | Found an iron altar of Okawaru.
  4661 | D:4      | Paralysed by Grinder for 7 turns
  4679 | D:4      | Paralysed by Grinder for 4 turns
  4692 | D:5      | Entered Level 5 of the Dungeon
  4874 | D:5      | Killed from afar by a shadow imp

Vault maps used:
D:1:      lemuel_arrival_lava_pool, minmay_newt_pond
D:2:      grunt_temple_overflow_order_and_chaos_2
D:3:      grunt_decor_cap
D:4:      overflow_temple_1_default, minmay_overflow_temple_hex,
          nicolae_overflow_crystal_walls, minmay_temple_entry_statues,
          first_bread, kennysheep_generic_room_15, uniq_sigmund, uniq_grinder
D:5:      serial_shops, nicolae_shop_crystal, fedhas_altar_fruit_tree,
          uniq_menkaure
Temple:   corrupted_temple

Action                   |  1- 3 |  4- 6 || total
-------------------------+-------+-------++-------
Melee: Unarmed           |    31 |    56 ||    87
 Cast: Freeze            |    43 |    93 ||   136
       Throw Frost       |       |    11 ||    11
  Use: Potion            |       |     3 ||     3
       Scroll            |       |    10 ||    10
 Stab: Sleeping          |     1 |       ||     1
  Eat: Chunk             |     3 |    12 ||    15
